 Dungeon Crawl Stone Soup version 0.30-a0-643-g638baaf3f0 (webtiles) character file.

Game seed: 10026195120353226024

18528 Citaku the Protected (level 12, -9/108 HPs)
             Began as a Minotaur Fighter on Jan 16, 2023.
             Was an Initiate of Gozag.
             Mangled by Rupert
             ... wielding a +2 heavy great mace
              (27 damage)
             ... on level 1 of the Orcish Mines.
             The game lasted 00:29:02 (17691 turns).

Citaku the Protected (Minotaur Fighter)            Turns: 17691, Time: 00:29:02

Health: -9/108     AC: 19    Str: 27    XL:     12   Next: 28%
Magic:  11/11      EV: 12    Int:  5    God:    Gozag
Gold:   2495       SH:  0    Dex:  9    Spells: 11/11 levels left

rFire   . . .      SeeInvis .    m - +5 broad axe
rCold   + . .      Faith    .    E - +1 kite shield
rNeg    + . .      Spirit   .    r - +1 plate armour
rPois   .          Reflect  +    (helmet restricted)
rElec   .          Harm     .    j - +0 cloak
rCorr   .          Rampage  .    (no gloves)
Will    ++...                    (no boots) Stlth
                                 b - amulet of reflection
HPRegen 0.38/turn                H - ring "Tomohal" {rN+ EV+5}
MPRegen 0.12/turn                z - ring of protection from cold

@: confused, ambrosia-drunk, studying Poison Magic
A: horns 2, retaliatory headbutt, strong-willed 2, subdued magic 1
a: Renounce Religion, Potion Petition, Call Merchant, Bribe Branch


You were on level 1 of the Orcish Mines.
You worshipped Gozag.
Gozag was most pleased with you.
You visited 3 branches of the dungeon, and saw 15 of its levels.

You collected 2979 gold pieces.
You spent 393 gold pieces at shops.
You paid 91 gold pieces to Gozag.

Inventory:

Hand Weapons
 m - a +5 broad axe (weapon)
Armour
 j - a +0 cloak (worn)
 r - a +1 plate armour (worn)
 E - a +1 kite shield (worn)
Jewellery
 b - an amulet of reflection (around neck)
 z - a ring of protection from cold (right hand)
 H - the ring "Tomohal" (left hand) {rN+ EV+5}
   (You found it on level 9 of the Dungeon)

   [ring of evasion]

   EV:        It affects your evasion (+5).
   rN:        It protects you from negative energy.
Wands
 i - a wand of light (7)
 l - a wand of flame (29)
 w - a wand of polymorph (6)
 F - a wand of roots (6)
 I - a wand of charming (8)
Scrolls
 c - 3 scrolls of identify
 e - 2 scrolls of teleportation
 f - a scroll of fear
 g - 2 scrolls of noise
 n - 3 scrolls of amnesia
 s - a scroll of silence
 A - 2 scrolls of fog
Potions
 o - 6 potions of curing
 p - 3 potions of flight
 q - 3 potions of brilliance
 t - 2 potions of mutation
 v - a potion of invisibility
 x - a potion of magic
 D - 3 potions of lignification


   Skills:
 + Level 10.6 Fighting
 * Level 14.2 Axes
 * Level 14.5 Armour
 + Level 10.6 Shields


You had 11 spell levels left.
You didn't know any spells.
Your spell library contained the following spells:

 Spells                   Type           Power      Damage    Failure   Level
 Freeze                   Ice            0%         1d3       100%        1
 Kiss of Death            Conj/Necr      0%         2d5       100%        1
 Necrotise                Necr           0%         1d4       100%        1
 Sandblast                Erth           0%         2d4       100%        1
 Slow                     Hex            0%         N/A       100%        1
 Ensorcelled Hibernation  Hex/Ice        0%         N/A       100%        2
 Passwall                 Tmut/Erth      0%         N/A       100%        2
 Confusing Touch          Hex            0%         N/A       100%        3
 Frozen Ramparts          Ice            0%         1d1       100%        3
 Hailstorm                Conj/Ice       0%         3d3       100%        3
 Ozocubu's Armour         Ice            0%         N/A       100%        3
 Spider Form              Tmut/Pois      0%         N/A       100%        3
 Stone Arrow              Conj/Erth      0%         3d7       100%        3
 Vampiric Draining        Necr           0%         2d6       100%        3
 Anguish                  Hex/Necr       0%         N/A       100%        4
 Dispel Undead            Necr           0%         3d6       100%        4
 Summon Lightning Spire   Summ/Air       0%         N/A       100%        4
 Agony                    Necr           0%         N/A       100%        5
 Metabolic Englaciation   Hex/Ice        0%         N/A       100%        5
 Storm Form               Tmut/Air       0%         N/A       100%        7
 Maxwell's Capacitive Co  Air            0%         ∞         100%        8
 Simulacrum               Ice/Necr       Unusable   N/A       N/A         6

Dungeon Overview and Level Annotations

Branches:
Dungeon (12/15)            Temple (1/1) D:6            Lair (0/5) D:11
    Orc (2/2) D:9
    Elf: Orc:2

Altars:
Ashenzari
Cheibriados
Dithmenos
Elyvilon
Fedhas
Gozag
Hepliaklqana
Kikubaaqudgha
Makhleb
Nemelex Xobeh
Okawaru
Qazlal
Sif Muna
Uskayaw
Vehumet
Wu Jian
Xom
Yredelemnul
Zin
The Shining One

Shops:
D:6 **:?   Orc:1 ?

Annotations:
D:3 1 runed translucent door, fedepesso's ghost, amateur HOFi
D:11 exclusion: 2 oklob plants
Orc:1 Rupert


Innate Abilities, Weirdness & Mutations

You have a pair of horns on your head.
You reflexively headbutt those who attack you in melee.
You are highly strong-willed. (Will++)
Your spells are a little easier to cast, but a little less powerful.


Message History

Items here: $ )) [[.
You slash Rupert! Your headbutt misses Rupert.
Rupert is lightly wounded.
Rupert hits you with a +2 heavy great mace.
You barely miss Rupert.
Rupert is lightly wounded.
You slice Rupert!!
Rupert is moderately wounded.
Rupert roars madly and goes into a rage!
Rupert goes berserk!
You slice Rupert!!
Rupert is moderately wounded.
Rupert hits you with a +2 heavy great mace!!
You closely miss Rupert. You headbutt Rupert.
Rupert is moderately wounded.
Rupert hits you with a +2 heavy great mace!
You hit Rupert but do no damage.
Rupert is moderately wounded.
Rupert barely misses you. You furiously retaliate!
You headbutt Rupert! You slice Rupert!! Your headbutt misses Rupert.
Rupert is heavily wounded.
Rupert hits you with a +2 heavy great mace!!!
* * * LOW HITPOINT WARNING * * *
You hear a shout! x3
You are too injured to fight recklessly!
Okay, then.
Blink to where?
Press: ? - help, Dir - move target
As you read the scroll of blinking, it crumbles to dust.
You block Rupert's attack. Rupert misses you. You furiously retaliate!
You headbutt Rupert, but do no damage.
You climb upwards.
There is a stone staircase leading down here.
Okay, then.
You are confused.
You feel invigorated.
Rupert hits you with a +2 heavy great mace!!
You die...
Your body crumbles into a pile of gold.

#...............#..### ###
##.....#.............## ##.##
##..##...............###...#
#....................##....#
##......#....##...........##
###..^.#....##......##..##
##....#....)#.......#...##
#..................##....# ##
###.........@.......####..##
.####..#.#......[@.))[........##
..##....##..........##.........#
..#............#)....#.........#
......#....#..#)......)))......##
..#....#..#..)..).#.#.[<###.#...#
##.........#.......#..)).#####.##
............#......##...## ###
..................##....##


You could see Rupert (berserk).

Vanquished Creatures
  Gastronok (D:8)
  An ettin (Orc:2)
  A boulder beetle (D:11)
  2 two-headed ogres
  Erica (D:9)
  Urug (Orc:1)
  An orc knight (D:9)
  A cyclops (D:12)
  A manticore (D:11)
  Joseph (D:9)
  2 gargoyles
  Maggie (D:9)
  4 unseen horrors
  A komodo dragon (D:12)
  6 trolls
  A slime creature (D:12)
  2 wyverns
  Grum (D:8)
  8 yaks
  3 steam dragons
  8 vampire mosquitoes
  3 acid dragons
  2 ice beasts
  10 orc warriors
  3 ogres (Orc:1)
  11 centaurs
  4 wolves (D:8)
  2 kobold brigands
  2 necrophages
  3 gnoll sergeants
  4 bullfrogs
  2 scorpions
  10 wights
  6 killer bees
  8 howler monkeys
  3 hounds
  12 orc priests
  4 jellies
  7 orc wizards
  An iguana (D:6)
  17 gnolls
  3 adders
  A shadow imp (D:6)
  4 white imps
  A worm (D:4)
  A dart slug (D:3)
  45 orcs
  7 bats
  4 endoplasms
  5 giant cockroaches
  9 goblins
  10 hobgoblins
  8 jackals
  4 quokkas
  5 ball pythons
  2 frilled lizards
  16 kobolds
  6 rats
293 creatures vanquished.

Vanquished Creatures (others)
  A cyclops (D:12)
  A sky beast (D:8)
2 creatures vanquished.

Grand Total: 295 creatures vanquished

Notes
Turn   | Place    | Note
-------+----------+-------------------------------------------
     0 | D:1      | Citaku the Minotaur Fighter began the quest for the Orb.
     0 | D:1      | Reached XP level 1. HP: 19/19 MP: 0/0
    66 | D:1      | Reached XP level 2. HP: 23/27 MP: 1/1
   545 | D:1      | You fall into a shaft and drop 1 floor!
   801 | D:2      | Reached XP level 3. HP: 30/33 MP: 2/2
  1086 | D:3      | Reached XP level 4. HP: 34/40 MP: 3/3
  1322 | D:3      | Found a faded altar of an unknown god.
  1356 | D:3      | Found an iron altar of Okawaru.
  1420 | D:3      | Found a runed translucent door.
  1420 | D:3      | Noticed fedepesso's ghost (amateur HOFi)
  1587 | D:4      | Reached skill level 5 in Armour
  1608 | D:4      | Reached XP level 5. HP: 43/47 MP: 4/4
  1702 | D:4      | Found a transporter.
  1899 | D:4      | Reached XP level 6. HP: 53/53 MP: 5/5
  2086 | D:4      | Found a transporter.
  2440 | D:5      | Entered Level 5 of the Dungeon
  2567 | D:5      | Reached skill level 5 in Axes
  2649 | D:5      | Identified the +9 dagger "Toemeili" {flame, rN+ Str+5
                  | Int+2}
  2963 | D:5      | Reached skill level 5 in Fighting
  3060 | D:5      | Noticed an ice beast
  3070 | D:5      | Killed an ice beast
  3071 | D:5      | Reached skill level 5 in Shields
  3071 | D:5      | Reached XP level 7. HP: 57/61 MP: 6/6
  3325 | D:6      | Found a blossoming altar of Fedhas.
  3388 | D:6      | Noticed a steam dragon
  3395 | D:6      | Killed a steam dragon
  3505 | D:6      | Found a white marble altar of Elyvilon.
  3982 | D:6      | Found Zicviriwef's Book Boutique.
  4015 | D:6      | Found Dufuetz's Magic Scroll Shoppe.
  4025 | D:6      | Bought a scroll of identify for 28 gold pieces
  4025 | D:6      | Bought a scroll of identify for 28 gold pieces
  4047 | D:6      | Found Qiapneo Ceta's Assorted Antiques.
  4112 | D:6      | Found Ahaf's Assorted Antiques.
  4206 | D:6      | Reached XP level 8. HP: 70/70 MP: 7/7
  4216 | D:6      | Found a staircase to the Ecumenical Temple.
  4314 | D:6      | Found a radiant altar of Vehumet.
  4378 | Temple   | Entered the Ecumenical Temple
  4384 | Temple   | Became a worshipper of Gozag Ym Sagoz the Greedy
  4885 | D:7      | Found a shimmering blue altar of Sif Muna.
  5780 | D:7      | Reached XP level 9. HP: 78/78 MP: 8/8
  5949 | D:8      | Noticed Grum
  5973 | D:8      | Killed Grum
  6247 | D:8      | Noticed Gastronok
  6809 | D:8      | Reached skill level 10 in Armour
  7046 | D:8      | Noticed a two-headed ogre
  7055 | D:8      | Killed a two-headed ogre
  7056 | D:8      | Reached skill level 10 in Axes
  7400 | D:8      | Reached XP level 10. HP: 86/88 MP: 9/9
  7806 | D:9      | Noticed Maggie
  7824 | D:9      | Killed Maggie
  7910 | D:9      | Found a staircase to the Orcish Mines.
  8161 | D:9      | Identified the ring "Tomohal" {rN+ EV+5}
  8182 | D:9      | Noticed Erica
  8194 | D:9      | Killed Erica
  8244 | D:9      | Noticed Joseph
  8267 | D:9      | Killed Joseph
  9157 | D:9      | Noticed a two-headed ogre
  9296 | D:9      | Killed a two-headed ogre
  9525 | D:9      | Gained mutation: You are strong-willed. (Will+) [potion of
                  | mutation]
  9525 | D:9      | Gained mutation: Your spells are a little easier to cast,
                  | but a little less powerful. [potion of mutation]
  9525 | D:9      | Gained mutation: You are highly strong-willed. (Will++)
                  | [potion of mutation]
  9590 | D:10     | Entered Level 10 of the Dungeon
 10216 | D:10     | Reached XP level 11. HP: 67/97 MP: 10/10
 11049 | D:11     | Noticed an oklob plant
 11319 | D:11     | Found a staircase to the Lair.
 11325 | D:11     | Noticed an oklob plant
 11601 | D:11     | Identified the +6 scale mail "Tueloigh" {rN+ Will- Int+3
                  | SInv}
 11615 | D:11     | Noticed a boulder beetle
 11634 | D:11     | Killed a boulder beetle
 13834 | D:12     | Reached skill level 10 in Shields
 14006 | D:12     | Noticed a storm dragon
 14377 | D:12     | Reached skill level 10 in Fighting
 16252 | D:8      | Killed Gastronok
 16491 | Orc:1    | Entered Level 1 of the Orcish Mines
 16531 | Orc:1    | Reached XP level 12. HP: 106/106 MP: 11/11
 16848 | Orc:1    | Found a radiant altar of Vehumet.
 17102 | Orc:2    | Entered Level 2 of the Orcish Mines
 17126 | Orc:1    | Noticed Urug
 17158 | Orc:1    | Killed Urug
 17371 | Orc:1    | Found Vierejeh's Magic Scroll Shop.
 17388 | Orc:1    | Bought a scroll of enchant weapon for 112 gold pieces
 17388 | Orc:1    | Bought 2 scrolls of enchant weapon for 225 gold pieces
 17535 | Orc:2    | Noticed an ettin
 17535 | Orc:2    | Noticed Rupert
 17557 | Orc:2    | Killed an ettin
 17691 | Orc:1    | Mangled by Rupert

Illustrated notes

Levels and vault maps discovered:
D:1:      dpeg_arrival_orchard, layout_basic, solitary_fountain
D:2:      layout_basic, cheibrodos_gnoll_hut
D:3:      layout_rooms, okawaru_altar_gauntlet_db,
          dreamdust_ecumenical_altar_hidden_monk_grotto, gammafunk_ghost_grave
D:4:      gammafunk_wand_slinger, layout_loops_cross
D:5:      layout_loops_corners, nicolae_elevator_lobby_plus
D:6:      layout_gridville, nicolae_overflow_hidden_temple,
          nicolae_elyvilon_peaceful_grove, nicolae_overflow_crystal_walls,
          minmay_temple_entry_slanted, serial_shops, nicolae_diamond_shop,
          nicolae_shop_behind_doors, kennysheep_little_box, shop
D:7:      layout_basic, mainiacjoe_overflow_paths, grunt_decor_arrowhead,
          hex_intersection
D:8:      layout_rooms, minmay_misc_feat_doors, minmay_manual_monstrance,
          uniq_grum, uniq_gastronok
D:9:      layout_gridville, minmay_orc_entry_temple_small,
          minmay_misc_feat_tiny, feat_on_display, uniq_joseph, uniq_maggie,
          uniq_erica
D:10:     layout_loops_ring, grunt_decor_clamped
D:11:     layout_basic, dpeg_oklobed_lair, hangedman_decor_lopped
D:12:     nzn_winding_woodlands_three_and_one [nzn_winding_woodlands_5x15_eye,
          nzn_winding_woodlands_5x15_longhouse,
          nzn_winding_woodlands_5x15_default,
          nzn_winding_woodlands_center_diamonds], layout_gridville
Temple:   hellmonk_temple_of_storms
Orc:1:    layout_caves, serial_shops, shop, basic_altar, uniq_urug
Orc:2:    pf_orc_diabolical, layout_caves, uniq_rupert

Skill      XL: |  1  2  3  4  5  6  7  8  9 10 11 12 |
---------------+-------------------------------------+-----
Axes           | 3 4 5 6 8 10 12 13 14 | 14.2
Armour         | 4 5 6 7 9 10 12 14 | 14.5
Fighting       | 4 5 6 7 9 10 | 10.6
Shields        | 4 5 6 7 9 10 | 10.6

Action                   |  1- 3 |  4- 6 |  7- 9 | 10-12 || total
-------------------------+-------+-------+-------+-------++-------
Melee: War axe           |    88 |   119 |   233 |   510 ||   950
       Headbutt          |    11 |    15 |    48 |    91 ||   165
       Broad axe         |       |       |       |    23 ||    23
  Use: Scroll            |       |       |    15 |    24 ||    39
       Potion            |       |       |     1 |    10 ||    11
 Stab: Distracted        |       |       |       |     4 ||     4
Armor: Scale mail        |    32 |       |       |       ||    32
       Plate armour      |    39 |    87 |   158 |   329 ||   613
Dodge: Dodged            |    50 |    41 |    79 |   144 ||   314
Block: Buckler           |    26 |    17 |    67 |       ||   110
       Kite shield       |       |       |       |   365 ||   365
       Reflection        |       |       |       |    11 ||    11

Table legend: (Time is in decaauts)
 A = Elapsed time spent in this place.
 B = Non-inter-level travel time spent in this place.
 C = Inter-level travel time spent in this place.
 D = Time resting spent in this place.
 E = Time spent auto-exploring this place.
 F = Levels seen in this place.
 G = Mean time per level.
                   A        B        C        D        E       F      G
               +--------+--------+--------+--------+--------+-----+--------+
         Total |  17802 |  17417 |    385 |   3196 |  10512 |  15 | 1186.8 |
       Dungeon |  16699 |  16315 |    384 |   3078 |   9875 |  12 | 1391.6 |
        Temple |     49 |     49 |      0 |      0 |     21 |   1 |   49.0 |
  Orcish Mines |   1053 |   1053 |      0 |    118 |    616 |   2 |  526.5 |
               +--------+--------+--------+--------+--------+-----+--------+

Top non-repeatable levels by time:
    D:12: 3040 daAuts
     D:8: 2031 daAuts
     D:9: 1985 daAuts
    D:11: 1861 daAuts
     D:7: 1558 daAuts
     D:6: 1457 daAuts
    D:10: 1369 daAuts
   Orc:1: 939 daAuts
     D:5: 897 daAuts
     D:4: 879 daAuts
     D:1: 630 daAuts
     D:3: 567 daAuts
     D:2: 421 daAuts
   Orc:2: 113 daAuts
  Temple: 49 daAuts
